EL
PENSACOLA BLUE WAHOOS @ READING FIGHTIN PHILS
04/04/2048
 
TOP OF THE 1ST
Pensacola Blue Wahoos batting - Pitching for Reading Fightin Phils : RHP Seizaburo Takahashi
Pitching: RHP Seizaburo Takahashi
Batting: RHB Sang-ton Pak 0-0: Ball
1-0: Ball
2-0: Called Strike
2-1: SINGLE (Groundball, 56D, EV 100.6 MPH)
Batting: RHB Jonathan Robies 0-0: Ball
1-0: Ball
2-0: Foul Ball, location: 2F
2-1: SINGLE (Line Drive, 89S, EV 101.2 MPH)
Sang-ton Pak to second
Batting: RHB Mike Alm 0-0: Swinging Strike
0-1: Foul Ball, location: 2F
0-2: Ball
1-2: Foul Ball, location: 2F
1-2: Foul Ball, location: 2F
1-2: Ball
2-2: Strikes out swinging
Batting: RHB Juan Reyes 0-0: Ball
1-0: Ball
2-0: Ball
3-0: Base on Balls
Sang-ton Pak to third
Jonathan Robies to second
Batting: RHB Tony Casas 0-0: Foul Ball, location: 2F
0-1: Grounds into double play, 5-4-3 (Groundball, 5, EV 102.5 MPH)
Top of the 1st over - 0 runs, 2 hits, 0 errors, 2 left on base; Pensacola 0 - Reading 0
BOTTOM OF THE 1ST
Reading Fightin Phils batting - Pitching for Pensacola Blue Wahoos : LHP Dave Schmidt
Pitching: LHP Dave Schmidt
Batting: RHB Tony Perez 0-0: Ball
1-0: Called Strike
1-1: Foul Ball, location: 2F
1-2: Strikes out swinging
Batting: RHB Chris Myers 0-0: Called Strike
0-1: Ball
1-1: Ground out 1-3 (Groundball, 13, EV 70.0 MPH)
Batting: RHB Alan Weller 0-0: Called Strike
0-1: Ball
1-1: Foul Ball, location: 2F
1-2: Fly out, F9 (Flyball, 9D, EV 102.5 MPH)
Bottom of the 1st over - 0 runs, 0 hits, 0 errors, 0 left on base; Pensacola 0 - Reading 0
TOP OF THE 2ND
Pensacola Blue Wahoos batting - Pitching for Reading Fightin Phils : RHP Seizaburo Takahashi
Batting: LHB Brian Snyder 0-0: Ball
1-0: Ball
2-0: Called Strike
2-1: Ball
3-1: Ground out U3 (Groundball, 34, EV 78.8 MPH)
Batting: RHB Jordan Torres 0-0: Called Strike
0-1: Ball
1-1: Ground out 5-3 (Groundball, 56, EV 81.9 MPH)
Batting: LHB Phil Lomax 0-0: Foul Ball, location: 2F
0-1: Foul Ball, location: 2F
0-2: Ball
1-2: Ball
2-2: Foul Ball, location: 2F
2-2: Foul Ball, location: 2F
2-2: Fly out, F9 (Flyball, 9D, EV 104.4 MPH)
Top of the 2nd over - 0 runs, 0 hits, 0 errors, 0 left on base; Pensacola 0 - Reading 0
BOTTOM OF THE 2ND
Reading Fightin Phils batting - Pitching for Pensacola Blue Wahoos : LHP Dave Schmidt
Batting: RHB Guan-pei Gao 0-0: Called Strike
0-1: Ball
1-1: Ball
2-1: Swinging Strike
2-2: Fly out, F8 (Line Drive, 8RM, EV 108.8 MPH)
Batting: RHB Pablo Lopez 0-0: Ball
1-0: Ball
2-0: Ball
3-0: Ground out U3 (Groundball, 34S, EV 91.9 MPH)
Batting: LHB Alex Fernandez 0-0: Called Strike
0-1: Ground out 3-1 (Groundball, 34, EV 89.4 MPH)
Bottom of the 2nd over - 0 runs, 0 hits, 0 errors, 0 left on base; Pensacola 0 - Reading 0
TOP OF THE 3RD
Pensacola Blue Wahoos batting - Pitching for Reading Fightin Phils : RHP Seizaburo Takahashi
Batting: RHB Pat Mage 0-0: Fly out, F7 (Flyball, 7S, EV 82.5 MPH)
Batting: RHB Sang-ton Pak 0-0: Ball
1-0: Ball
2-0: Called Strike
2-1: DOUBLE (Line Drive, 7LS, EV 106.9 MPH)
Batting: RHB Jonathan Robies 0-0: Foul Ball, location: 2F
0-1: Ball
1-1: Swinging Strike
1-2: Foul Ball, location: 2F
1-2: Ball
2-2: TRIPLE (Line Drive, 78XD, EV 109.4 MPH)
Sang-ton Pak scores
Batting: RHB Mike Alm 0-0: SINGLE (Line Drive, 8LS, EV 106.2 MPH)
Jonathan Robies scores
Batting: RHB Juan Reyes 0-0: Called Strike
0-1: Fly out, F8 (Flyball, 8LM, EV 88.8 MPH)
Batting: RHB Tony Casas 0-0: Fly out, F8 (Flyball, 8LXD, EV 102.5 MPH)
Top of the 3rd over - 2 runs, 3 hits, 0 errors, 1 left on base; Pensacola 2 - Reading 0
BOTTOM OF THE 3RD
Reading Fightin Phils batting - Pitching for Pensacola Blue Wahoos : LHP Dave Schmidt
Batting: RHB Prabhukumar Santhanakrishnan 0-0: Called Strike
0-1: Ball
1-1: Swinging Strike
1-2: Ball
2-2: Ball
3-2: Strikes out looking
Batting: RHB Danny Habermehl 0-0: Foul Ball, location: 2F
0-1: SINGLE (Flyball, 9LS, EV 94.4 MPH)
Batting: RHB Frank Ramirez 0-0: Foul Ball, location: 2F
0-1: Called Strike
0-2: Strikes out looking
Batting: RHB Tony Perez 0-0: Foul Ball, location: 2F
0-1: Ground out 5-3 (Groundball, 56S, EV 90.6 MPH)
Bottom of the 3rd over - 0 runs, 1 hit, 0 errors, 1 left on base; Pensacola 2 - Reading 0
TOP OF THE 4TH
Pensacola Blue Wahoos batting - Pitching for Reading Fightin Phils : RHP Seizaburo Takahashi
Batting: LHB Brian Snyder 0-0: Foul Ball, location: 2F
0-1: Swinging Strike
0-2: Ball
1-2: Ball
2-2: SOLO HOME RUN (Flyball, 78XD, EV 101.2 MPH), Distance : 398 ft
Batting: RHB Jordan Torres 0-0: Called Strike
0-1: Ground out 5-3 (Groundball, 56, EV 87.5 MPH)
Batting: LHB Phil Lomax 0-0: Swinging Strike
0-1: SINGLE (Groundball, 6D, EV 93.8 MPH)
Batting: RHB Pat Mage 0-0: Called Strike
0-1: Foul Ball, location: 2F
0-2: Ball
1-2: SINGLE (Groundball, 34D, EV 101.2 MPH)
Phil Lomax to second
Runner from 2nd tries for 3rd, SAFE, no throw by RF
Batting: RHB Sang-ton Pak 0-0: Ball
Pat Mage steals 2nd, throwing error, E2
Phil Lomax scores
Pat Mage to third
1-0: Ground out 4-3 (Groundball, 4, EV 85.6 MPH)
Pat Mage scores
Pitching: RHP Danny Zuniga
Batting: RHB Jonathan Robies 0-0: Ball
1-0: Ball
2-0: Called Strike
2-1: Ball
3-1: Foul Ball, location: 2F
3-2: Base on Balls
Batting: RHB Mike Alm 0-0: Called Strike
0-1: Ball
1-1: Ball
2-1: Ball
3-1: 2-RUN HOME RUN (Flyball, 9D, EV 96.9 MPH), Distance : 378 ft
Batting: RHB Juan Reyes 0-0: Ball
1-0: Called Strike
1-1: Ball
2-1: Swinging Strike
2-2: Strikes out looking
Top of the 4th over - 5 runs, 4 hits, 1 error, 0 left on base; Pensacola 7 - Reading 0
BOTTOM OF THE 4TH
Reading Fightin Phils batting - Pitching for Pensacola Blue Wahoos : LHP Dave Schmidt
Batting: RHB Chris Myers 0-0: Ground out U3 (Groundball, 34, EV 101.2 MPH)
Batting: RHB Alan Weller 0-0: Ball
1-0: Called Strike
1-1: Fly out, F9 (Flyball, 9S, EV 86.9 MPH)
Batting: RHB Guan-pei Gao 0-0: Called Strike
0-1: Called Strike
0-2: Foul Ball, location: 2F
0-2: Ball
1-2: Ground out 4-3 (Groundball, 4, EV 99.4 MPH)
Bottom of the 4th over - 0 runs, 0 hits, 0 errors, 0 left on base; Pensacola 7 - Reading 0
TOP OF THE 5TH
Pensacola Blue Wahoos batting - Pitching for Reading Fightin Phils : RHP Danny Zuniga
Batting: RHB Tony Casas 0-0: Called Strike
0-1: Called Strike
0-2: Ball
1-2: Ball
2-2: Ball
3-2: Base on Balls
Batting: LHB Brian Snyder 0-0: Ball
1-0: Ball
2-0: Ball
Tony Casas steals 2nd base
3-0: Base on Balls
Batting: RHB Jordan Torres 0-0: Called Strike
0-1: Grounds into double play, 5-4-3 (Groundball, 56, EV 82.5 MPH)
Tony Casas to third
Batting: LHB Phil Lomax 0-0: Ball
1-0: Ball
2-0: Called Strike
2-1: Called Strike
2-2: Foul Ball, location: 2F
2-2: Foul Ball, location: 2F
2-2: Strikes out swinging
Top of the 5th over - 0 runs, 0 hits, 0 errors, 1 left on base; Pensacola 7 - Reading 0
BOTTOM OF THE 5TH
Reading Fightin Phils batting - Pitching for Pensacola Blue Wahoos : LHP Dave Schmidt
Batting: RHB Pablo Lopez 0-0: Ball
1-0: Foul Ball, location: 2F
1-1: Swinging Strike
1-2: Strikes out swinging
Batting: LHB Alex Fernandez 0-0: Ball
1-0: Ball
2-0: Called Strike
2-1: Ball
3-1: Base on Balls
Batting: RHB Prabhukumar Santhanakrishnan 0-0: Called Strike
0-1: Foul Ball, location: 2F
0-2: Fielders Choice at 2nd, 5-4 (Groundball, 5, EV 88.8 MPH)
Batting: RHB Danny Habermehl 0-0: Ball
1-0: Fly out, F9 (Line Drive, 9S, EV 88.8 MPH)
Bottom of the 5th over - 0 runs, 0 hits, 0 errors, 1 left on base; Pensacola 7 - Reading 0
TOP OF THE 6TH
Pensacola Blue Wahoos batting - Pitching for Reading Fightin Phils : RHP Danny Zuniga
Batting: RHB Pat Mage 0-0: Ball
1-0: Swinging Strike
1-1: Swinging Strike
1-2: Ball
2-2: Foul Ball, location: 2F
2-2: Foul Ball, location: 2F
2-2: Ball
3-2: Foul Ball, location: 2F
3-2: Strikes out swinging
Batting: RHB Sang-ton Pak 0-0: Called Strike
0-1: Foul Ball, location: 2F
0-2: Ground out 3-1 (Groundball, 34S, EV 88.1 MPH)
Batting: RHB Jonathan Robies 0-0: Swinging Strike
0-1: Swinging Strike
0-2: Ball
1-2: Strikes out swinging
Top of the 6th over - 0 runs, 0 hits, 0 errors, 0 left on base; Pensacola 7 - Reading 0
BOTTOM OF THE 6TH
Reading Fightin Phils batting - Pitching for Pensacola Blue Wahoos : LHP Dave Schmidt
Batting: RHB Frank Ramirez 0-0: Ball
1-0: Called Strike
1-1: Ball
2-1: Foul Ball, location: 2F
2-2: Ball
3-2: Foul Ball, location: 2F
3-2: Foul Ball, location: 2F
3-2: Strikes out swinging
Batting: RHB Tony Perez 0-0: Called Strike
0-1: Ball
1-1: Foul Ball, location: 2F
1-2: Ball
2-2: Strikes out looking
Batting: RHB Chris Myers 0-0: Foul Ball, location: 2F
0-1: Called Strike
0-2: Foul Ball, location: 2F
0-2: Ball
1-2: Fly out, F8 (Flyball, 8LD, EV 101.2 MPH)
Bottom of the 6th over - 0 runs, 0 hits, 0 errors, 0 left on base; Pensacola 7 - Reading 0
TOP OF THE 7TH
Pensacola Blue Wahoos batting - Pitching for Reading Fightin Phils : RHP Danny Zuniga
Batting: RHB Mike Alm 0-0: Ball
1-0: Ball
2-0: Called Strike
2-1: Ball
3-1: Foul Ball, location: 2F
3-2: Base on Balls
Pitching: RHP Jonathan Beishline
Batting: RHB Juan Reyes 0-0: Ball
1-0: Ball
2-0: Ball
3-0: Called Strike
3-1: Foul Ball, location: 2F
3-2: Base on Balls
Mike Alm to second
Batting: RHB Tony Casas 0-0: Fly out, F7 (Flyball, 7S, EV 83.8 MPH)
Batting: LHB Brian Snyder 0-0: Ball
1-0: Ball
2-0: Foul Ball, location: 2F
2-1: Grounds into double play, 3-6-3 (Groundball, 3, EV 90.0 MPH)
Top of the 7th over - 0 runs, 0 hits, 0 errors, 1 left on base; Pensacola 7 - Reading 0
BOTTOM OF THE 7TH
Reading Fightin Phils batting - Pitching for Pensacola Blue Wahoos : LHP Dave Schmidt
Batting: RHB Alan Weller 0-0: Foul Ball, location: 2F
0-1: Ball
1-1: Fly out, F9 (Flyball, 9LS, EV 79.4 MPH)
Batting: RHB Guan-pei Gao 0-0: Foul Ball, location: 2F
0-1: Hit by Pitch
Batting: RHB Pablo Lopez 0-0: Ball
1-0: DOUBLE (Line Drive, 89XD, EV 100.0 MPH)
Guan-pei Gao to third
Batting: LHB Alex Fernandez 0-0: Ground out 1-3 (Groundball, 13, EV 63.8 MPH)
Batting: RHB Prabhukumar Santhanakrishnan 0-0: Ball
1-0: Called Strike
1-1: Ground out 6-3 (Groundball, 6, EV 85.0 MPH)
Bottom of the 7th over - 0 runs, 1 hit, 0 errors, 2 left on base; Pensacola 7 - Reading 0
TOP OF THE 8TH
Pensacola Blue Wahoos batting - Pitching for Reading Fightin Phils : RHP Jonathan Beishline
Batting: RHB Jordan Torres 0-0: Ball
1-0: Ball
2-0: Ball
3-0: Called Strike
3-1: Ground out 6-3 (Groundball, 6, EV 78.1 MPH)
Batting: LHB Phil Lomax 0-0: Ground out 5-3 (Groundball, 56S, EV 90.0 MPH)
Batting: RHB Pat Mage 0-0: Ground out U3 (Groundball, 34, EV 95.6 MPH)
Top of the 8th over - 0 runs, 0 hits, 0 errors, 0 left on base; Pensacola 7 - Reading 0
BOTTOM OF THE 8TH
Reading Fightin Phils batting - Pitching for Pensacola Blue Wahoos : LHP Dave Schmidt
Batting: RHB Danny Habermehl 0-0: Called Strike
0-1: Called Strike
0-2: Ground out 4-3 (Groundball, 34, EV 102.5 MPH)
Batting: RHB Frank Ramirez 0-0: Called Strike
0-1: Fly out, F9 (Line Drive, 9D, EV 95.6 MPH)
Batting: RHB Tony Perez 0-0: Ball
1-0: Called Strike
1-1: Ball
2-1: Called Strike
2-2: Strikes out swinging
Bottom of the 8th over - 0 runs, 0 hits, 0 errors, 0 left on base; Pensacola 7 - Reading 0
TOP OF THE 9TH
Pensacola Blue Wahoos batting - Pitching for Reading Fightin Phils : RHP Jonathan Beishline
Batting: RHB Sang-ton Pak 0-0: Ball
1-0: Swinging Strike
1-1: Ball
2-1: Ball
3-1: Base on Balls
Batting: RHB Jonathan Robies 0-0: Called Strike
0-1: Called Strike
Sang-ton Pak steals 2nd base
0-2: Strikes out looking
Batting: RHB Mike Alm 0-0: Foul Ball, location: 2F
0-1: Foul Ball, location: 2F
0-2: Strikes out swinging
Batting: RHB Juan Reyes 0-0: Ball
1-0: Called Strike
1-1: Foul Ball, location: 2F
1-2: Foul Ball, location: 2F
1-2: Hit by Pitch
Batting: RHB Tony Casas 0-0: Ball
Passed Ball!
Sang-ton Pak to third
Juan Reyes to second
1-0: Hit by Pitch
Batting: LHB Brian Snyder 0-0: Called Strike
0-1: SINGLE (Groundball, 34D, EV 105.0 MPH)
Sang-ton Pak scores
Juan Reyes to third
Tony Casas to second
Runner from 3rd tries for Home, SAFE, throw by RF to home
Batting: RHB Jordan Torres 0-0: Ball
1-0: Swinging Strike
1-1: Ball
2-1: DOUBLE (Line Drive, 7LD, EV 106.2 MPH)
Tony Casas scores
Brian Snyder to third
Runner from 3rd tries for Home, SAFE, throw by LF to home
Pitching: RHP Jeremy Mitchem
Batting: LHB Phil Lomax 0-0: Foul Ball, location: 2F
0-1: Ball
1-1: Ground out 4-3 (Groundball, 34, EV 78.1 MPH)
Top of the 9th over - 4 runs, 2 hits, 0 errors, 1 left on base; Pensacola 11 - Reading 0
BOTTOM OF THE 9TH
Reading Fightin Phils batting - Pitching for Pensacola Blue Wahoos : LHP Dave Schmidt
Pitching: RHP Dave Hammertime
Batting: RHB Chris Myers 0-0: Called Strike
0-1: Ball
1-1: Foul Ball, location: 2F
1-2: Ball
2-2: Foul Ball, location: 2F
2-2: Foul Ball, location: 2F
2-2: Ball
3-2: Foul Ball, location: 2F
3-2: Fly out, F3 (Popup, 34S, EV 78.1 MPH)
Batting: RHB Alan Weller 0-0: SINGLE (Line Drive, 8RS, EV 98.1 MPH)
Batting: RHB Guan-pei Gao 0-0: Foul Ball, location: 2F
0-1: Ball
1-1: Ball
2-1: Grounds into double play, 4-6-3 (Groundball, 4, EV 86.2 MPH)
Bottom of the 9th over - 0 runs, 1 hit, 0 errors, 0 left on base; Pensacola 11 - Reading 0
Tuesday, March 28th , 2023 - OOTP Baseball 23.10 Build 110